 Dungeon Crawl Stone Soup version 0.21.0-3-g78d12a8 (webtiles) character file.

140 FrothyCoffee the Chopper (level 5, -4/49 HPs)
             Began as a Deep Dwarf Chaos Knight on Jan 11, 2018.
             Slain by Grinder the sixfirhy (11 damage)
             ... on level 3 of the Dungeon.
             The game lasted 00:16:02 (2499 turns).

FrothyCoffee the Chopper (Deep Dwarf Chaos Knight)  Turns: 2499, Time: 00:16:04

Health: -4/49      AC:  5    Str: 16    XL:     5   Next: 2%
Magic:  3/3        EV:  9    Int: 13    God:    Xom [*.....]
Gold:   81         SH:  7    Dex: 12    Spells: 4/4 levels left

rFire    . . .     SeeInvis .   a - +0 hand axe (chaos)
rCold    . . .     Gourm    .   r - +0 shield
rNeg     . . .     Faith    .   q - +2 leather armour
rPois    .         Spirit   .   (no helmet)
rElec    .         Reflect  .   (no cloak)
rCorr    .         Harm     .   (no gloves)
MR       .....                  (no boots)
Stlth    +.........             (no amulet)
HPRegen  0.00/turn              (no ring)
MPRegen  0.08/turn              (no ring)

@: non-regenerating
A: damage resistance, heal wounds, sense surroundings 1, no regeneration
a: Heal Wounds, Renounce Religion


You were on level 3 of the Dungeon.
You worshipped Xom.
You were a special plaything of Xom.
You were not hungry.

You visited 1 branch of the dungeon, and saw 3 of its levels.

You collected 81 gold pieces.

Inventory:

Hand Weapons
 a - a +0 hand axe of chaos (weapon)
 b - a +0 hunting sling
Missiles
 i - 32 stones (quivered)
 j - 16 poisoned needles
Armour
 f - a +0 pair of boots
 k - a +0 scale mail
 n - a +2 robe of the Archmagi
 q - a +2 leather armour (worn)
 r - a +0 shield (worn)
 v - a scarf of repulsion
Jewellery
 u - a +6 ring of intelligence {unknown}
Wands
 x - a wand of random effects (25)
Scrolls
 e - 3 scrolls of identify {unknown}
 l - 3 scrolls of teleportation {unknown}
 m - a scroll of fog {unknown}
 t - 2 scrolls of remove curse {unknown}
Potions
 d - 3 potions of heal wounds {unknown}
 g - a potion of brilliance {unknown}
 h - 2 potions of flight {unknown}
 o - a potion of berserk rage {unknown}
 p - 2 potions of magic {unknown}
 s - 2 potions of curing {unknown}
Comestibles
 c - 8 rations
 w - 2 chunks of flesh


   Skills:
 + Level 3.5 Fighting
 + Level 4.2 Axes
 + Level 3.1 Armour
 + Level 2.4 Dodging
 + Level 1.3 Shields


You had 4 spell levels left.
You didn't know any spells.

Dungeon Overview and Level Annotations

Branches:
Dungeon (3/15)

Altars:
Fedhas
Okawaru
Xom

Annotations:
D:3 Grinder


Innate Abilities, Weirdness & Mutations

You are resistant to damage.
You can heal yourself by infusing magical energy.
You passively map a small area around you.
You do not regenerate.


Message History

* * * LOW HITPOINT WARNING * * *
Your magical essence is drained by the effort!
You feel much better.
Grinder says, "Scamper hence if wit thou hast!"
Grinder completely misses you. Grinder closely misses you.
Grinder hits you but does no damage. Grinder hits you! Grinder shocks you!
* * * LOW HITPOINT WARNING * * *
You feel much better. You block Grinder's attack. Grinder hits you!
Grinder shocks you!
Some of the chunks of flesh in your inventory have rotted away.
You feel much better.
You barely miss Grinder. Grinder hits you! Grinder shocks you!
Grinder hits you. Grinder shocks you!
* * * LOW HITPOINT WARNING * * *
You feel much better. You block Grinder's attack. Grinder hits you!
Grinder shocks you! Grinder hits you. Grinder shocks you!
* * * LOW HITPOINT WARNING * * *
Grinder hits you!
You die...
Xom cackles wildly!

###.####..## #.#
.)_........# #.#
###.####._.# #.#
#.####._.#########.#
#........_......##.#
###.......3######.##.#
.....####..# #.##.#
###..# #..######.##.#
#..# #>.....3@....#
#..# ##.######.####
#..#####.# #.#
#......#.## #.#
#.####....## #.#
#..........## ..#
#..##.......#,###
#..###......# #..#
#....#.#


You could see Grinder the sixfirhy.

Vanquished Creatures
  6 adders
  An ooze (D:3)
  3 worms
  A dart slug (D:1)
  A leopard gecko (D:2)
  5 orcs (D:3)
  2 giant cockroaches
  5 goblins
  11 hobgoblins
  2 jackals (D:3)
  8 kobolds
  A ball python (D:2)
  9 bats
  4 frilled lizards
  A quokka skeleton (D:2)
  6 rats
66 creatures vanquished.

Notes
Turn   | Place    | Note
-------+----------+-------------------------------------------
     0 | D:1      | FrothyCoffee the Deep Dwarf Chaos Knight began the quest for the Orb.
     0 | D:1      | Reached XP level 1. HP: 20/20 MP: 1/1
    55 | D:1      | XOM: divination: magic mapping
   113 | D:1      | Found an iron altar of Okawaru.
   397 | D:1      | Reached XP level 2. HP: 25/27 MP: 2/2
   891 | D:1      | XOM: severe Ice miscast
  1045 | D:2      | Reached XP level 3. HP: 32/34 MP: 2/2
  1051 | D:2      | XOM: stat loss: -1 Int (11/12)
  1452 | D:2      | Found a blossoming altar of Fedhas.
  1646 | D:2      | Reached skill level 4 in Axes
  1909 | D:3      | Reached XP level 4. HP: 39/42 MP: 3/3
  2116 | D:3      | XOM: harmless Chrm miscast
  2117 | D:3      | Reached skill level 1 in Shields
  2175 | D:3      | XOM: summons 2 hostile demons
  2306 | D:3      | Noticed Grinder
  2311 | D:3      | XOM: mild Fire miscast
  2313 | D:3      | XOM: scenery: create altars
  2375 | D:3      | Reached XP level 5. HP: 22/49 MP: 4/4
  2416 | D:3      | XOM: potion effect (brilliance)
  2451 | D:3      | XOM: confuse monster(s)
  2457 | D:3      | Paralysed by Grinder for 5 turns
  2461 | D:3      | XOM: noise
  2488 | D:3      | Noticed Grinder
  2488 | D:3      | Grinder changed into Grinder the sixfirhy
  2488 | D:3      | XOM: polymorph Grinder -> Grinder the sixfirhy
  2499 | D:3      | Slain by Grinder the sixfirhy

Skill      XL: |  1  2  3  4 |
---------------+-------------+-----
Fighting       | 3 |  3.5
Axes           | 4 |  4.2
Dodging        | 2 |  2.4
Shields        | 1 |  1.3
Armour         | 3 |  3.1

Action                   |  1- 3 |  4- 6 || total
-------------------------+-------+-------++-------
Melee: Hand axe          |    94 |   100 ||   194
 Fire: Hunting sling     |    35 |    62 ||    97
Throw: Stone             |    20 |       ||    20
 Abil: Heal Wounds       |     1 |     6 ||     7
 Stab: Petrified         |       |     6 ||     6
       Confused          |       |     1 ||     1
  Eat: Chunk             |     3 |     2 ||     5
Armor: Leather armour    |    32 |    36 ||    68
Dodge: Dodged            |    47 |    34 ||    81
Block: Shield            |     7 |    33 ||    40
